 Dungeon Crawl Stone Soup version 0.16.1-11-g651b585 (webtiles) character file.

12799 xsansara the Spear-Bearer (level 11, -4/85 HPs)
             Began as a Red Draconian Wizard on Mar 29, 2015.
             Was an Elder of Ru.
             Slain by an elephant (11 damage)
             ... on level 2 of the Lair of Beasts on Apr 1, 2015.
             The game lasted 01:43:55 (18013 turns).

xsansara the Spear-Bearer (Red Draconian Wizard)   Turns: 18013, Time: 01:43:55

Health: -4/85      AC: 10    Str:  9    XL:     11   Next: 67%
Magic:  5/21       EV: 13    Int: 19    God:    Ru [****..]
Gold:   568        SH:  5    Dex: 11    Spells: 6 memorised, 2 levels left

rFire  + . .     SeeInvis .     u - +7 spear (flame)
rCold  . . .     Clarity  .     (armour unavailable)
rNeg   + . .     SustAb   .     T - +1 buckler
rPois  .         Gourm    .     b - +2 hat
rElec  .         Spirit   .     (no cloak)
rCorr  .         Warding  +     R - +0 pair of gloves
rMut   .         Stasis   .     (no boots)
MR     +....                    w - amulet of warding
Stlth  ++++......               x - ring of stealth
                                t - ring of stealth

@: about to teleport, short of breath, no potions, repel missiles, somewhat
resistant to hostile enchantments, stealthy
A: breathe fire, unfitting armour, stinger 1, dopey 1, fire resistance 1, magic
resistance 1, slow healing 2, cold-blooded, inability to drink while threatened,
unskilled 1, AC +7
a: Breathe Fire, Draw Out Power, Power Leap, Renounce Religion


You were on level 2 of the Lair of Beasts.
You worshipped Ru.
Ru was greatly pleased with you.
You were near starving.

You visited 2 branches of the dungeon, and saw 14 of its levels.
You also visited: Sewer.

You collected 708 gold pieces.
You spent 140 gold pieces at shops.

Inventory:

Hand weapons
 a - a +0 spear
 u - a +7 spear of flaming (weapon)
 I - a +1 spear of freezing
Missiles
 q - 3 javelins (quivered)
 N - 3 throwing nets
Armour
 b - a +2 hat (worn)
 R - a +0 pair of gloves (worn)
 T - a +1 buckler (worn)
Magical staves
 H - an uncursed staff of energy
 V - an uncursed staff of cold
Jewellery
 t - a ring of stealth (left hand)
 w - an amulet of warding (around neck)
 x - a ring of stealth (right hand)
 Q - an uncursed ring of ice
Magical devices
 i - a wand of digging (15)
 j - a wand of frost (23)
 s - a wand of fireball (4)
 y - a wand of digging (16)
 C - a wand of random effects (29)
 E - a wand of magic darts (28)
 G - a wand of fire (6)
 K - a wand of flame (23)
 L - a wand of heal wounds (3)
 U - a wand of fireball (2)
 X - a wand of flame (28)
 Y - a wand of random effects (27)
Scrolls
 h - 9 scrolls of remove curse
 l - 2 scrolls of immolation
 m - 3 scrolls of fear
 A - a scroll of teleportation
 B - 2 scrolls of magic mapping
 J - a scroll of fog
 O - a scroll of recharging
 Z - 2 scrolls of enchant weapon
Potions
 e - 2 potions of might
 f - 4 potions of heal wounds
 g - a potion of flight {unknown}
 k - 3 potions of lignification
 o - 2 potions of brilliance
 p - a potion of cancellation
 r - a potion of resistance
 v - 4 potions of restore abilities
 z - 3 potions of haste
 D - 2 potions of cure mutation
 F - 7 potions of curing
 W - 2 potions of agility
Books
 c - a book of Minor Magic

   Spells                             Type                      Level
   a - Magic Dart                     Conjuration                  1
   b - Blink                          Translocation                2
   c - Call Imp                       Summoning                    2
   d - Repel Missiles                 Charms/Air                   2
   e - Slow                           Hexes                        2
   f - Conjure Flame                  Conjuration/Fire             3
   g - Mephitic Cloud                 Conjuration/Poison/Air       3
Comestibles
 d - 9 bread rations
 n - 11 fruits
 P - 6 beef jerkies
 S - a meat ration


   Skills:
 - Level 4.1 Fighting
 + Level 11.4 Polearms
 - Level 4.1 Dodging
 - Level 1.5 Stealth
 - Level 3.7 Shields
 - Level 2.6 Spellcasting
 - Level 5.2 Conjurations
 - Level 0.8 Summonings
 - Level 0.8 Translocations
 - Level 4.4 Air Magic
 - Level 4.6 Poison Magic
 - Level 6.9 Evocations


You had 2 spell levels left.
You knew the following spells:

 Your Spells              Type           Power        Failure   Level  Hunger
a - Magic Dart            Conj           ###.         1%          1    None
b - Call Imp              Summ           #.......     17%         2    ##.....
c - Blink                 Tloc           N/A          17%         2    ##.....
d - Mephitic Cloud        Conj/Pois/Air  ###.....     10%         3    ###....
e - Repel Missiles        Chrm/Air       ##....       12%         2    ##.....
f - Conjure Flame         Conj/Fire      ##......     17%         3    ###....


Dungeon Overview and Level Annotations

Branches:
Dungeon (12/15)            Temple (0/1) D:4            Lair (2/8) D:10
    Orc: D:9-12

Altars:
Ashenzari
Dithmenos
Elyvilon
Fedhas
Kikubaaqudgha
Makhleb
Okawaru
Qazlal
Ru
Sif Muna
Vehumet
The Shining One

Shops:
D:4 ?   D:10 !

Annotations:
D:7 1 runed door
D:11 Joseph


Innate Abilities, Weirdness & Mutations

You can breathe blasts of fire.
Your fiery red scales are hard (AC +7).
Your body does not fit into most forms of armour.
Your flesh is heat resistant.
You do not heal naturally when monsters are visible.
Your cold-blooded metabolism reacts poorly to cold.
You cannot drink potions while threatened.
You are somewhat unskilled (-1 Apt).
Your tail ends in a poisonous barb.
You are dopey. (Int -2)
You are resistant to hostile enchantments.


Message History

Your magical contamination has completely faded away.
You hit the elephant but do no damage.
The elephant is engulfed in noxious fumes.
You block the elephant's attack. The elephant trunk-slaps you.
* * * LOW HITPOINT WARNING * * *
Your crimson imp hits the elephant but does no damage.
You hit the elephant. You burn the elephant.
The elephant is lightly wounded.
The elephant seems less confused.
The elephant is engulfed in noxious fumes.
The elephant tramples you!
You feel threatened and lose the ability to drink potions!
* * * LOW HITPOINT WARNING * * *
You stumble backwards!
Read which item? (? for menu, Esc to quit)
As you read the scroll of teleportation, it crumbles to dust.
You feel strangely unstable.
Your shadow imp hits the elephant but does no damage.
The elephant tramples you!
You die...

..... ........... . .....
...........
#.####....#####P......
......#.....##.##..<...
.......#.........##.....
.......)...#.....#P.....
.......#.....$..........
........#....#...#.P.....
........@.....#.###P.....
........Y................
......§55................
+##.#.#§.................
.....§Y§..?.............
...$...5...............
....................
............##.
.P#.##P.....


You could see 2 elephants, 2 friendly crimson imps and a friendly shadow imp.

Vanquished Creatures
  Fannar (D:11)
  The ghost of giann the Fighter, a powerful GrFi of the Shining One (D:10)
  A hill giant (D:11)
  The ghost of abixa the Cleaver, an experienced HOGl of Qazlal (D:6)
  2 elephants
  2 centaur skeletons (D:11)
  Grinder (D:4)
  Prince Ribbit (D:4)
  A troll (D:10)
  A basilisk (Lair:1)
  A wraith (D:10)
  A wyvern (D:7)
  A steam dragon (D:8)
  Eustachio (D:8)
  4 yaks (Lair:1)
  4 hippogriffs
  A deep elf mage (D:11)
  A hungry ghost (D:9)
  4 water moccasins
  7 porcupines (Lair:1)
  3 sky beasts
  An ice beast (D:9)
  3 black bears
  A necrophage (D:10)
  4 ogres
  4 centaurs
  2 phantoms
  A big kobold (D:10)
  5 crocodiles
  2 giant frogs
  2 scorpions
  3 killer bees (D:7)
  A water moccasin skeleton (D:11)
  3 goliath beetles
  22 wights
  2 centaur zombies (D:7)
  A wasp zombie (D:6)
  4 crimson imps
  2 orc priests
  A giant frog zombie (D:5)
  4 hounds
  3 jellies
  2 quasits (D:10)
  2 giant frog skeletons
  9 worker ants
  6 orc wizards
  4 iguanas
  A sheep (D:10)
  A big kobold zombie (Sewer)
  A worker ant zombie (D:6)
  8 gnolls
  13 adders
  6 shadow imps
  9 giant mites
  2 ufetubi (Sewer)
  3 worms
  An adder skeleton (D:4)
  27 orcs
  2 ball pythons
  13 bats
  A bat zombie (D:7)
  7 giant cockroaches
  19 hobgoblins
  10 jackals
  4 quokkas
  6 giant geckos
  A giant gecko skeleton (D:3)
  3 giant newts
  2 giant spores
  21 goblins
  A jackal zombie (D:5)
  27 kobolds
  2 kobold zombies (Sewer)
  2 quokka skeletons
  A quokka zombie (D:5)
  15 rats
  2 ballistomycetes (D:7)
  3 butterflies (D:7)
348 creatures vanquished.

Vanquished Creatures (collateral kills)
  An elephant (Lair:2)
  A kobold demonologist (Sewer)
  A centaur skeleton (D:10)
  A soldier ant (D:7)
  An ogre (D:5)
  An ice beast (D:3)
  A big kobold (Sewer)
  Blork the orc (D:4)
  2 giant frogs
  A wight (D:6)
  2 killer bees (D:7)
  A goliath beetle (D:10)
  Ijyb (D:2)
  A gnoll (D:2)
  7 adders
  2 shadow imps (Sewer)
  2 giant mites
  2 worms
  An ufetubus (Sewer)
  An adder zombie (D:5)
  11 orcs
  A ball python (D:3)
  2 giant cockroaches
  3 goblins
  A hobgoblin (D:2)
  3 jackals (D:3)
  4 quokkas
  3 bats
  A giant mite zombie (Sewer)
  A giant newt (D:3)
  13 kobolds
  A kobold zombie (Sewer)
  A rat (D:4)
76 creatures vanquished.

Vanquished Creatures (others)
  A killer bee (D:7)
  15 crimson imps
  An iron imp (D:5)
  10 shadow imps
  11 white imps
  An orc (D:10)
  A butterfly (D:11)
40 creatures vanquished.

Grand Total: 464 creatures vanquished

Notes
Turn   | Place    | Note
--------------------------------------------------------------
     0 | D:1      | xsansara, the Draconian Wizard, began the quest for the Orb.
     0 | D:1      | Reached XP level 1. HP: 14/14 MP: 4/4
   314 | D:1      | Reached XP level 2. HP: 20/20 MP: 1/6
   330 | D:1      | Learned a level 2 spell: Blink
   333 | D:1      | Learned a level 2 spell: Call Imp
   993 | D:1      | Reached XP level 3. HP: 26/26 MP: 0/7
   998 | D:1      | Learned a level 3 spell: Mephitic Cloud
  1493 | D:2      | Reached skill level 1 in Air Magic
  1575 | D:2      | Reached skill level 1 in Poison Magic
  1784 | D:2      | Noticed Ijyb
  1805 | D:2      | Killed Ijyb
  1805 | D:2      | Reached XP level 4. HP: 16/33 MP: 1/9
  2048 | D:2      | Found a white marble altar of Elyvilon.
  2074 | D:2      | Became a worshipper of Elyvilon the Healer
  2174 | D:2      | Was placed under penance by Elyvilon
  2175 | D:2      | Fell from the grace of Elyvilon
  3077 | D:3      | Noticed an ice beast
  3096 | D:3      | Killed an ice beast
  3096 | D:3      | Reached XP level 5. HP: 16/38 MP: 2/11
  3289 | D:3      | Learned a level 2 spell: Repel Missiles
  3359 | D:3      | Found a sacrificial altar of Ru.
  3372 | D:3      | Became a worshipper of Ru the Awakened
  3573 | D:3      | Found a shadowy altar of Dithmenos.
  3837 | D:3      | Reached skill level 4 in Conjurations
  4014 | D:4      | Found a glowing drain.
  4029 | Sewer    | Entered a sewer
  4239 | Sewer    | Reached XP level 6. HP: 23/45 MP: 8/12
  4404 | Sewer    | Found a burning altar of Makhleb.
  4677 | Sewer    | Noticed an apprentice kobold demonologist
  4692 | Sewer    | Killed an apprentice kobold demonologist
  4692 | Sewer    | Your scales start taking on a fiery red colour.
  4692 | Sewer    | Gained mutation: Your flesh is heat resistant. [draconian maturity]
  4692 | Sewer    | Reached XP level 7. HP: 34/50 MP: 3/14
  5174 | D:4      | Found a radiant altar of Vehumet.
  5178 | D:4      | Identified Vehumet's Collected Works on Confrontation
  5183 | D:4      | Found an ancient bone altar of Kikubaaqudgha.
  5187 | D:4      | Identified Kikubaaqudgha's Volume of Darkness
  5191 | D:4      | Found a deep blue altar of Sif Muna.
  5195 | D:4      | Identified Sif Muna's Volume of Enchantment
  5250 | D:4      | Found a staircase to the Ecumenical Temple.
  5349 | D:4      | Noticed Prince Ribbit
  5358 | D:4      | Killed Prince Ribbit
  5358 | D:4      | Reached skill level 5 in Conjurations
  5536 | D:4      | Gained mutation: You heal slowly when monsters are visible. [Ru sacrifice]
  5615 | D:4      | Found a blossoming altar of Fedhas.
  5735 | D:4      | Noticed Blork the orc
  5747 | D:4      | Killed Blork the orc
  5834 | D:4      | Found a sacrificial altar of Ru.
  5853 | D:4      | Found Klalae Mega's Magic Scroll Boutique.
  5863 | D:4      | Reached skill level 5 in Poison Magic
  5863 | D:4      | Reached XP level 8. HP: 57/57 MP: 16/16
  6028 | D:4      | Found a burning altar of Makhleb.
  6057 | D:4      | Noticed Grinder
  6116 | D:4      | Paralysed by Grinder for 3 turns
  6125 | D:4      | Killed Grinder
  6383 | D:5      | Entered Level 5 of the Dungeon
  6988 | D:5      | Reached skill level 5 in Polearms
  6992 | D:5      | Gained mutation: You are robust (+10% HP). [mutagenic meat]
  7245 | D:5      | Learned a level 3 spell: Conjure Flame
  7533 | D:5      | Reached skill level 6 in Polearms
  8318 | D:5      | Gained mutation: You cannot drink potions while threatened. [Ru sacrifice]
  8318 | D:5      | Acquired Ru's first power
  8318 | D:5      | Acquired Ru's second power
  8547 | D:6      | Noticed abixa's ghost (experienced HOGl)
  8598 | D:6      | Killed abixa's ghost
  8598 | D:6      | Reached skill level 7 in Polearms
  8598 | D:6      | Reached XP level 9. HP: 31/68 MP: 1/17
  9042 | D:6      | Reached skill level 8 in Polearms
  9284 | D:6      | Found a shattered altar of Ashenzari.
  9340 | D:6      | Found a stormy altar of Qazlal.
 10071 | D:7      | Reached skill level 9 in Polearms
 10140 | D:7      | Gained mutation: You are dopey. (Int -2) [potion of mutation]
 10140 | D:7      | Lost mutation: You are robust (+10% HP). [potion of mutation]
 10140 | D:7      | Gained mutation: Your tail ends in a poisonous barb. [potion of mutation]
 10142 | D:7      | Gained mutation: You are resistant to hostile enchantments. [potion of beneficial mutation]
 10641 | D:7      | Reached skill level 10 in Polearms
 10858 | D:7      | Found a runed door.
 10880 | D:7      | Found a runed door.
 11254 | D:7      | Found a glowing golden altar of the Shining One.
 11272 | D:7      | Gained mutation: You do not heal naturally when monsters are visible. [Ru sacrifice]
 11745 | D:7      | Reached XP level 10. HP: 66/69 MP: 18/18
 11917 | D:8      | Noticed Eustachio
 11935 | D:8      | Killed Eustachio
 11935 | D:8      | Reached skill level 11 in Polearms
 12306 | D:8      | Reached skill level 1 in Evocations
 12556 | D:8      | Found an iron altar of Okawaru.
 13411 | D:10     | Entered Level 10 of the Dungeon
 13688 | D:10     | Found a staircase to the Lair.
 13688 | D:10     | Noticed an elephant
 13731 | D:10     | Killed an elephant
 13749 | D:10     | Reached skill level 5 in Evocations
 13914 | D:10     | Found Wuog's Distillery.
 13917 | D:10     | Bought a potion of haste for 100 gold pieces
 13917 | D:10     | Bought a potion of might for 40 gold pieces
 13943 | D:10     | Reached skill level 12 in Polearms
 14133 | D:10     | Noticed giann's ghost (powerful GrFi)
 14175 | D:10     | Killed giann's ghost
 14175 | D:10     | Reached skill level 1 in Fighting
 14175 | D:10     | Reached skill level 1 in Shields
 14616 | D:11     | Reached XP level 11. HP: 69/79 MP: 20/20
 14660 | D:11     | Upgraded the game from 0.16.1-7-g2c6721e to 0.16.1-11-g651b585
 14668 | D:11     | Noticed Fannar
 14673 | D:11     | Noticed Joseph
 14862 | D:11     | Killed Fannar
 15382 | D:11     | Noticed a six-headed hydra
 15805 | D:11     | Noticed a hill giant
 15820 | D:11     | Killed a hill giant
 16756 | Lair:1   | Entered Level 1 of the Lair of Beasts
 17744 | Lair:1   | Gained mutation: You are somewhat unskilled (-1 Apt). [Ru sacrifice]
 17744 | Lair:1   | Reduced skill Polearms to level 11
 17744 | Lair:1   | Acquired Ru's third power
 17744 | Lair:1   | Acquired Ru's fourth power
 18013 | Lair:2   | Slain by an elephant

Action                   |  1- 3 |  4- 6 |  7- 9 | 10-12 || total
-------------------------+-------+-------+-------+-------++-------
Melee: Spear             |   119 |   188 |   551 |   585 ||  1443
Throw: Stone             |     2 |       |       |       ||     2
       Javelin           |       |       |     1 |     1 ||     2
 Cast: Magic Dart        |    19 |       |       |       ||    19
       Call Imp          |    28 |    52 |    75 |    51 ||   206
       Mephitic Cloud    |       |     9 |    17 |    18 ||    44
       Repel Missiles    |       |     1 |     2 |     2 ||     5
       Conjure Flame     |       |       |     2 |     4 ||     6
       Blink             |       |       |       |     2 ||     2
Invok: Sacrifice Purity  |       |       |     2 |       ||     2
       Sacrifice Drink   |       |       |     1 |       ||     1
       Reject Sacrifices |       |       |       |     1 ||     1
       Sacrifice Skill   |       |       |       |     1 ||     1
 Abil: Breathe Fire      |       |       |    17 |    13 ||    30
Evoke: Wand              |       |       |     3 |     2 ||     5
  Use: Potion            |       |     1 |     4 |       ||     5
       Scroll            |       |     8 |    11 |    12 ||    31
 Stab: Sleeping          |     1 |     4 |    17 |    18 ||    40
       Confused          |       |     2 |     4 |     7 ||    13
       Distracted        |       |     1 |     4 |     7 ||    12
       Invisible         |       |       |       |     1 ||     1
  Eat: Chunk             |     4 |    10 |    29 |    14 ||    57
       Pizza             |       |     1 |       |     1 ||     2
       Beef jerky        |       |     1 |     1 |       ||     2
       Fruit             |       |       |     3 |       ||     3
       Royal jelly       |       |       |       |     1 ||     1
       Meat ration       |       |       |       |     2 ||     2
